 Dungeon Crawl Stone Soup version 0.15.0-14-g6bbbb5c (webtiles) character file.

972 Kashira the Magician (level 8, 0/64 HPs)
             Began as a Naga Enchanter on Sept 5, 2014.
             Splashed by a jelly's acid (13 damage)
             ... on Level 5 of the Dungeon.
             The game lasted 00:27:03 (5531 turns).

Kashira the Magician (Naga Enchanter)               Turns: 5531, Time: 00:27:03

HP   0/64        AC  0     Str 10      XL: 8   Next: 16%
MP   1/20        EV 11     Int 17      God:
Gold 198         SH  0     Dex 13      Spells:  4 memorised,  6 levels left

rFire  . . .     SeeInvis +     v - +1 dagger (venom)
rCold  . . .     Clarity  .     t - +0 leather armour
rNeg   . . .     rCorr    .     (no shield)
rPois  +         rRot     .     (no helmet)
rElec  .         Spirit   .     (no cloak)
SustAb .         Warding  .     (no gloves)
rMut   .         Stasis   .     (no barding)
Gourm  .                        (no amulet)
MR     +....                    (no ring)
                                (no ring)

@: corroded equipment, very slow, somewhat resistant to hostile enchantments,
fairly stealthy
A: spit poison, see invisible, deformed body, poison resistance, slowness 2, AC
+2
a: Spit Poison


You were on level 5 of the Dungeon.
You were very hungry.

You visited 2 branches of the dungeon, and saw 6 of its levels.

You collected 198 gold pieces.

Inventory:

Hand weapons
 v - a +1 dagger of venom (weapon)
 C - a cursed -3 falchion
Missiles
 j - a throwing net (quivered)
Armour
 b - a +1 robe
 t - a +0 leather armour (worn)
Magical devices
 p - a wand of polymorph (8)
Comestibles
 d - 4 bread rations
 g - 5 meat rations
 r - 3 slices of pizza
 z - 3 rotting chunks of centaur flesh
 A - a rotting chunk of goblin flesh
 B - 2 chunks of hobgoblin flesh
Scrolls
 a - 2 scrolls of fear {unknown}
 e - 7 scrolls of identify
 f - 4 scrolls of remove curse
 h - 5 scrolls of magic mapping
 i - a scroll of immolation {unknown}
 m - 2 scrolls of teleportation
 n - 2 scrolls of amnesia {unknown}
 o - a scroll of recharging {unknown}
 q - 2 scrolls of blinking {unknown}
 s - a scroll of random uselessness {unknown}
 w - a scroll of enchant armour {unknown}
 y - a scroll of fog {unknown}
Jewellery
 u - a cursed ring of teleportation {unknown}
Potions
 k - 2 potions of curing
 l - a potion of invisibility {unknown}
Books
 c - a book of Maledictions

   Spells                             Type                      Level
   *Corona                            Hexes                        1
   Sure Blade                         Hexes/Charms                 2
   Ensorcelled Hibernation            Hexes/Ice                    2
   *Confuse                           Hexes                        3
   *Dazzling Spray                    Conjuration/Hexes            3
   *Enslavement                       Hexes                        4
 x - the Incunabulum of Damaging Weightlessness
   (You found it on level 4 of the Dungeon)

   Spells                             Type                      Level
   Swiftness                          Charms/Air                   2
   Conjure Flame                      Conjuration/Fire             3
   Mephitic Cloud                     Conjuration/Poison/Air       3
   Summon Lightning Spire             Summoning/Air                4
   Silence                            Hexes/Air                    5


   Skills:
 + Level 1.0 Fighting
 - Level 1.0 Short Blades
 + Level 0.1 Throwing
 + Level 1.9 Armour
 + Level 3.8 Dodging
 - Level 4.5 Stealth
 * Level 5.3 Spellcasting
 + Level 2.5 Conjurations
 + Level 5.1 Hexes


You had 6 spell levels left.
You knew the following spells:

 Your Spells              Type           Power        Failure   Level  Hunger
a - Corona                Hex            ###....      1%          1    None
b - Dazzling Spray        Conj/Hex       ###.....     10%         3    ###....
c - Confuse               Hex            ###.....     8%          3    ###....
d - Enslavement           Hex            ###.....     21%         4    ####...


Dungeon Overview and Level Annotations

Branches:
Dungeon (5/15)             Temple (1/1) D:5

Altars:
Ashenzari
Cheibriados
Dithmenos
Fedhas
Kikubaaqudgha
Makhleb
Nemelex Xobeh
Sif Muna
Trog
Yredelemnul
Zin
The Shining One


Innate Abilities, Weirdness & Mutations

You cannot wear boots.
You can spit poison.
Your serpentine skin is tough (AC +2).
You have supernaturally acute eyesight.
Armour fits poorly on your strangely shaped body.
Your system is resistant to poisons.
You cover ground very slowly.


Message History

Confirm with . or Enter, or press ? or * to list all spells.
Aiming: Dazzling Spray
Press: ? - help, Shift-Dir - straight line, f/p - jelly
Aim: a jelly (moderately wounded, blind, hasn't noticed you)
The spray of energy hits the jelly.
The jelly is heavily wounded.
The jelly is dazzled.
The jelly hits you but does no damage.
You feel a bit more experienced.
You catch the helpless jelly completely off-guard!
You slash the jelly! The acid corrodes your equipment!
The jelly is severely wounded.
You hit the jelly but do no damage.
The jelly is severely wounded.
The jelly completely misses you.
You hit the jelly.
The jelly is severely wounded.
The jelly hits you.
* * * LOW HITPOINT WARNING * * *
You are splashed with acid!
The acid burns!
You die...

............# #.#
..########### #.#
..# #.# ..#### #.#
.....# #.# .....#
#.# .....# #.#
.....###########.#
)....'.#_#.....J@#
.....###.#######.#
.....##...# #.##
#######...## #..#
#.....# ##.#
###.....### #.##
###....8....####..#
##......#......###.#
_.....8###8........#


You could see a jelly (blind).

Vanquished Creatures
  2 ogres (D:5)
  2 centaurs (D:5)
  A scorpion (D:4)
  A jelly (D:5)
  An iguana (D:5)
  3 orc priests
  A black bear skeleton (D:5)
  4 worker ants
  A centaur skeleton (D:4)
  3 orc wizards
  A hound skeleton (D:4)
  7 adders
  4 worms
  4 giant geckos
  2 oozes
  23 orcs
  A ball python (D:1)
  7 bats
  12 goblins
  12 hobgoblins
  15 jackals
  4 quokkas
  2 giant cockroaches
  5 giant newts
  A hobgoblin zombie (D:5)
  13 kobolds
  An orc skeleton (D:5)
  10 rats
  A rat skeleton (D:5)
144 creatures vanquished.

Notes
Turn   | Place    | Note
--------------------------------------------------------------
     0 | D:1      | Kashira, the Naga Enchanter, began the quest for the Orb.
     0 | D:1      | Reached XP level 1. HP: 15/15 MP: 3/3
   290 | D:1      | Reached XP level 2. HP: 13/22 MP: 1/4
   651 | D:1      | Reached XP level 3. HP: 19/28 MP: 6/6
   656 | D:1      | Learned a level 3 spell: Dazzling Spray
  1238 | D:2      | Reached XP level 4. HP: 30/36 MP: 8/8
  1264 | D:2      | Learned a level 3 spell: Confuse
  1907 | D:3      | Reached XP level 5. HP: 35/42 MP: 1/10
  2105 | D:3      | Reached skill level 1 in Conjurations
  2303 | D:3      | Reached XP level 6. HP: 17/49 MP: 1/13
  2645 | D:3      | Reached skill level 1 in Armour
  4133 | D:4      | Identified the Incunabulum of Damaging Weightlessness
  4139 | D:4      | Learned a level 4 spell: Enslavement
  4208 | D:4      | Reached XP level 7. HP: 53/56 MP: 1/17
  4505 | D:5      | Entered Level 5 of the Dungeon
  4754 | D:5      | Found a blossoming altar of Fedhas.
  4805 | D:5      | Found a basalt altar of Yredelemnul.
  4808 | D:5      | Found a glowing golden altar of the Shining One.
  4809 | D:5      | Noticed an angel
  4815 | D:5      | Noticed a profane servitor
  5093 | D:5      | Found a staircase to the Ecumenical Temple.
  5106 | Temple   | Entered the Ecumenical Temple
  5243 | D:5      | Reached skill level 1 in Fighting
  5286 | D:5      | Reached skill level 5 in Spellcasting
  5286 | D:5      | Reached skill level 5 in Hexes
  5286 | D:5      | Reached XP level 8. HP: 56/64 MP: 8/20
  5334 | D:5      | Found a shattered altar of Ashenzari.
  5338 | D:5      | Found a glowing silver altar of Zin.
  5343 | D:5      | Found a sparkling altar of Nemelex Xobeh.
  5457 | D:5      | Found a sparkling altar of Nemelex Xobeh.
  5531 | D:5      | Splashed by a jelly's acid

Action                   |  1- 3 |  4- 6 |  7- 9 || total
-------------------------+-------+-------+-------++-------
Melee: Dagger            |    72 |   104 |    77 ||   253
Throw: Throwing net      |       |     2 |       ||     2
 Cast: Corona            |    10 |     2 |       ||    12
       Dazzling Spray    |     3 |    53 |    37 ||    93
       Confuse           |       |       |     6 ||     6
 Abil: Spit Poison       |    41 |    69 |    29 ||   139
Evoke: Wand              |     1 |       |       ||     1
  Use: Scroll            |       |     3 |     1 ||     4
 Stab: Sleeping          |     4 |     3 |     2 ||     9
       Invisible         |       |     2 |     2 ||     4
       Held in net/web   |       |     2 |       ||     2
       Confused          |       |       |     1 ||     1
  Eat: Chunk             |     4 |    20 |     6 ||    30
       Beef jerky        |       |       |     2 ||     2
